 Dungeon Crawl Stone Soup version 0.26.1-2-gb8aa6d0 (webtiles) character file.

Game seed: 4500802635505049844

70 Ayyar the Vandal (level 4, 0/30 HPs)
             Began as a Halfling Hunter on June 3, 2021.
             Slain by an adder (4 damage)
             ... on level 3 of the Dungeon.
             The game lasted 00:05:50 (1408 turns).

Ayyar the Vandal (Halfling Hunter)                  Turns: 1408, Time: 00:05:51

Health: 0/30       AC:  3    Str: 14    XL:     4   Next: 44%
Magic:  4/4        EV: 15    Int:  9    God:
Gold:   158        SH:  0    Dex: 14    Spells: 3/3 levels left

rFire    + . .     SeeInvis .   b - +0 short sword
rCold    . . .     Faith    .   (shield restricted)
rNeg     . . .     Spirit   .   c - +0 leather armour
rPois    .         Reflect  .   (no helmet)
rElec    .         Harm     .   (no cloak)
rCorr    .         Rampage  .   (no gloves)
Will     .....                  (no boots)
Stlth    ++........             (no amulet)
HPRegen  0.10/turn              h - ring of protection from fire
MPRegen  0.09/turn              (no ring)

@: lethally poisoned (0 -> -3), flying
A: small, mutation resistance 1
a: no special abilities


You were on level 3 of the Dungeon.
You visited 1 branch of the dungeon, and saw 3 of its levels.

You collected 158 gold pieces.

Inventory:

Hand Weapons
 a - a +1 hunting sling
 b - a +0 short sword (weapon)
Missiles
 d - 33 sling bullets
 f - 63 stones (quivered)
Armour
 c - a +0 leather armour (worn)
Jewellery
 h - a ring of protection from fire (left hand)
 o - a cursed ring of teleportation {unknown}
 s - an uncursed amulet of the acrobat {unknown}
Scrolls
 e - 2 scrolls of blinking {unknown}
 g - 2 scrolls of remove curse {unknown}
 i - a scroll of identify {unknown}
 n - 2 scrolls of teleportation {unknown}
 p - a scroll of magic mapping {unknown}
 q - a scroll of fog {unknown}
 t - a scroll of fear {unknown}
Potions
 j - a potion of magic
 l - a potion of degeneration {unknown}
 m - a potion of mutation {unknown}
 r - a potion of curing {unknown}


   Skills:
 + Level 2.3 Fighting
 * Level 6.8 Slings
 + Level 2.8 Dodging
 + Level 2.2 Stealth


You had 3 spell levels left.
You didn't know any spells.
Your spell library was empty.

Dungeon Overview and Level Annotations

Branches:
Dungeon (3/15)

Altars:


Innate Abilities, Weirdness & Mutations

You are small and have problems with some larger weapons.
You are somewhat resistant to further mutation.


Message History

You miss the adder.
You feel sick. The adder barely misses you. The adder closely misses you.
You hit the adder.
The adder is moderately wounded.
The adder completely misses you.
You miss the adder.
The adder is moderately wounded.
You feel sick. The adder closely misses you.
You miss the adder.
The adder is moderately wounded.
The adder barely misses you. The adder bites you.
* * * LOW HITPOINT WARNING * * *
It was a potion of flight.
You feel very buoyant.
You fly up into the air.
You feel sick. The adder bites you.
* * * LOW HITPOINT WARNING * * *
You hit the adder.
The adder is heavily wounded.
The adder bites you but does no damage. The adder bites you.
You die...

######
#(.S@#
#....#
(....?..#
....(...#
(......(#
.#(....(#
+.....[#
#((..(..


You could see an adder.

Vanquished Creatures
  Natasha (D:2)
  A worm (D:2)
  A dart slug (D:1)
  3 leopard geckos
  7 bats
  A giant cockroach (D:2)
  3 goblins (D:2)
  5 hobgoblins
  3 jackals (D:1)
  3 frilled lizards
  4 kobolds
  6 rats
38 creatures vanquished.

Notes
Turn   | Place    | Note
-------+----------+-------------------------------------------
     0 | D:1      | Ayyar the Halfling Hunter began the quest for the Orb.
     0 | D:1      | Reached XP level 1. HP: 14/14 MP: 1/1
   250 | D:1      | Reached skill level 6 in Slings
   290 | D:1      | Reached XP level 2. HP: 19/19 MP: 2/2
   686 | D:1      | Reached XP level 3. HP: 24/24 MP: 3/3
  1185 | D:2      | Noticed Natasha
  1189 | D:2      | Killed Natasha
  1190 | D:2      | Reached XP level 4. HP: 30/30 MP: 4/4
  1316 | D:2      | Found a faded altar of an unknown god.
  1408 | D:3      | Slain by an adder

Illustrated notes

Levels and vault maps discovered:
D:1:      minmay_arrival_hallway, layout_loops_ring, minmay_indecisive_spiral
D:2:      layout_rooms, nicolae_overflow_hidden_temple,
          chequers_ecumenical_altar_twisty, uniq_natasha
D:3:      layout_basic, uniq_sigmund

Skill      XL: |  1  2  3 |
---------------+----------+-----
Slings         | 6 |  6.8
Fighting       | 2 |  2.3
Stealth        | 2 |  2.2
Dodging        | |  2.8

Action                   |  1- 3 |  4- 6 || total
-------------------------+-------+-------++-------
Melee: Short sword       |    13 |    12 ||    25
 Fire: Hunting sling     |    82 |    29 ||   111
  Use: Potion            |       |     2 ||     2
Armor: Leather armour    |     8 |     1 ||     9
Dodge: Dodged            |    14 |    16 ||    30
